 Dungeon Crawl Stone Soup version 0.30-a0-12-gd8047c6341 (webtiles) character file.

Game seed: 2468571166141341059

63 Flugkiller the Covered (level 3, 0/33 HPs)
             Began as a Minotaur Fighter on Aug 23, 2022.
             Slain by an orc priest
             ... wielding a +2 flail of holy wrath
              (4 damage)
             ... on level 2 of the Dungeon.
             The game lasted 00:00:29 (1093 turns).

Flugkiller the Covered (Minotaur Fighter)           Turns: 1093, Time: 00:00:29

Health: 0/33       AC:  7    Str: 20    XL:     3   Next: 87%
Magic:  2/2        EV:  9    Int:  5    God:
Gold:   132        SH:  4    Dex: 11    Spells: 2/2 levels left

rFire   . . .      SeeInvis .    a - +0 war axe
rCold   . . .      Faith    .    c - +0 buckler
rNeg    . . .      Spirit   .    b - +0 scale mail
rPois   .          Reflect  .    (helmet restricted)
rElec   .          Harm     .    (no cloak)
rCorr   .          Rampage  .    (no gloves)
Will    .....                    (no boots)
Stlth   ..........               (no amulet)
HPRegen 0.11/turn                (no ring)
MPRegen 0.08/turn                (no ring)

@: no status effects
A: horns 2, retaliatory headbutt
a: no special abilities


You were on level 2 of the Dungeon.
You visited 1 branch of the dungeon, and saw 2 of its levels.

You collected 132 gold pieces.

Inventory:

Hand Weapons
 a - a +0 war axe (weapon)
Armour
 b - a +0 scale mail (worn)
 c - a +0 buckler (worn)
Scrolls
 f - a scroll of fear {unknown}
 g - a scroll of summoning {unknown}
 m - a scroll of fog {unknown}
 n - a scroll of enchant armour {unknown}
 o - a scroll of vulnerability {unknown}
 r - a scroll of magic mapping {unknown}
Potions
 d - a potion of might
 e - a potion of curing {unknown}
 h - a potion of attraction {unknown}
 i - a potion of haste {unknown}
 j - 2 potions of lignification {unknown}
 k - a potion of degeneration {unknown}
 l - a potion of cancellation {unknown}
 p - a potion of experience {unknown}
 q - a potion of resistance {unknown}


   Skills:
 + Level 4.2 Fighting
 * Level 4.1 Axes
 + Level 4.2 Armour
 - Level 3.6 Shields


You had 2 spell levels left.
You didn't know any spells.
Your spell library was empty.

Dungeon Overview and Level Annotations

Branches:
Dungeon (2/15)

Altars:


Innate Abilities, Weirdness & Mutations

You have a pair of horns on your head.
You reflexively headbutt those who attack you in melee.


Message History

You see here a jackal corpse.
Found 5 stones.
You barely miss the frilled lizard.
Your headbutt misses the frilled lizard.
You block the frilled lizard's attack. The frilled lizard closely misses you.
You barely miss the frilled lizard.
The frilled lizard bites you but does no damage.
You hit the worm. Your headbutt misses the worm.
The worm is moderately wounded.
You closely miss the frilled lizard.
The frilled lizard bites you but does no damage.
The worm bites you!
You hit the worm.
The worm is moderately wounded.
You hit the frilled lizard.
You kill the frilled lizard!
You slash the worm! You headbutt the worm.
The worm is almost dead.
The worm barely misses you.
You slash the worm!
You kill the worm!
You see here a worm corpse.
You see here a frilled lizard corpse.
There is a stone staircase leading up here.
j - 2 sapphire potions (gained 1)
Found a dagger.
o - a scroll labelled REENAD LYESI No target in view!
p - an orange potion
q - a puce potion
r - a scroll labelled LISUAJOEFA No target in view!
No target in view!
A kobold and a rat come into view.
Found a scroll labelled HOAROSTR INKEN.
The kobold shouts!
You hear a shout!
An orc comes into view. It is wielding a +0 hand axe.
A hobgoblin comes into view.
The kobold throws a stone.
The stone barely misses you.
There are monsters nearby!
There are monsters nearby!
The orc shouts!
An orc priest comes into view.
It is wielding a +2 flail of holy wrath.
An orc comes into view. It is wielding a +0 dagger.
The orc shouts!
An orc comes into view. It is wielding a +0 dagger.
The kobold throws a stone.
The stone hits you but does no damage.
You hit the hobgoblin.
The hobgoblin is severely wounded.
The hobgoblin hits you.
The kobold throws a stone.
The stone barely misses you.
You hit the hobgoblin.
You kill the hobgoblin!
The orc priest looks encouraged for a moment.
You closely miss the orc. The orc barely misses you.
The kobold hits you but does no damage.
You closely miss the orc. You headbutt the orc, but do no damage.
You closely miss the kobold. You block the orc's attack. The kobold misses you.
You barely miss the orc. Your headbutt misses the orc.
You closely miss the orc. You closely miss the kobold.
You block the orc's attack. x2; The kobold hits you but does no damage.
You closely miss the orc. You headbutt the orc!
You kill the orc!
You closely miss the orc. You barely miss the kobold. You barely miss the rat.
The orc hits you with a +0 hand axe. The rat bites you but does no damage.
The kobold hits you with a +0 whip. The rat barely misses you.
The kobold closely misses you. The orc closely misses you.
You furiously retaliate!
You headbutt the orc, but do no damage. The orc barely misses you.
Your Axes skill increases to level 4!
You slash the orc!
You kill the orc!
You hit the orc. You closely miss the kobold. You closely miss the rat.
The orc hits you but does no damage.
The orc priest calls upon Beogh to heal the orc.
The orc is healed somewhat.
The rat bites you but does no damage. The kobold hits you with a +0 whip.
You closely miss the orc.
The orc is lightly wounded.
You slash the rat!
You kill the rat!
You closely miss the kobold. The orc hits you but does no damage.
The orc priest mumbles some strange prayers to Beogh against you.
Beogh smites you! The kobold completely misses you.
You slash the orc!
You kill the orc!
You hit the kobold. The kobold closely misses you. You furiously retaliate!
You headbutt the kobold. The kobold hits you but does no damage.
You block the orc priest's attack.
You hit the kobold.
You kill the kobold!
You closely miss the orc priest.
The orc priest mumbles some strange prayers to Beogh against you.
Beogh smites you!
* * * LOW HITPOINT WARNING * * *
You are too injured to fight recklessly!
You are too injured to fight recklessly!
Unknown command.
You barely miss the orc priest.
The orc priest hits you with a +2 flail of holy wrath.
You die...

...... ......
#............. ......
................ ......
#............... .....#
#..^..?......... ....#
#............... ....#
#.............. ....#
###...))#....... ......
......o@†.......
.....############........
.....##......#...........
...............###.......
..............## .......
......#.......# .......
.............## .......
......#.......# ###.###
......#.####### .#


You could see an orc priest.

Vanquished Creatures
  An adder (D:2)
  2 worms (D:2)
  A dart slug (D:1)
  3 orcs (D:2)
  2 bats (D:1)
  2 endoplasms (D:1)
  6 hobgoblins
  8 jackals
  A quokka (D:1)
  2 frilled lizards
  A goblin (D:1)
  5 kobolds
  5 rats
39 creatures vanquished.

Notes
Turn   | Place    | Note
-------+----------+-------------------------------------------
     0 | D:1      | Flugkiller the Minotaur Fighter began the quest for the
                  | Orb.
     0 | D:1      | Reached XP level 1. HP: 19/19 MP: 0/0
   221 | D:1      | Reached XP level 2. HP: 27/27 MP: 1/1
   587 | D:1      | Reached XP level 3. HP: 31/33 MP: 2/2
  1093 | D:2      | Slain by an orc priest

Illustrated notes

Levels and vault maps discovered:
D:1:      evilmike_arrival_plus, layout_loops_ring, nrook_mini_vaults,
          roderic_lattice_a, glass_columns_c
D:2:      kennysheep_the_goblin_king, layout_rooms, st_stairs_7

Skill      XL: |  1  2  3 |
---------------+----------+-----
Axes           | 3 4 |  4.1
Fighting       | 4 |  4.2
Armour         | 4 |  4.2
Shields        | |  3.6

Action                   || total
-------------------------++-------
Melee: War axe           ||    72
       Headbutt          ||    12
Armor: Scale mail        ||    35
Dodge: Dodged            ||    34
Block: Buckler           ||    18

Table legend: (Time is in decaauts)
 A = Elapsed time spent in this place.
 B = Non-inter-level travel time spent in this place.
 C = Inter-level travel time spent in this place.
 D = Time resting spent in this place.
 E = Time spent auto-exploring this place.
 F = Levels seen in this place.
 G = Mean time per level.
                   A        B        C        D        E       F      G
               +--------+--------+--------+--------+--------+-----+--------+
         Total |   1119 |   1100 |     19 |      0 |    903 |   2 |  559.5 |
       Dungeon |   1119 |   1100 |     19 |      0 |    903 |   2 |  559.5 |
               +--------+--------+--------+--------+--------+-----+--------+

Top non-repeatable levels by time:
     D:1: 899 daAuts
     D:2: 220 daAuts
